 Dungeon Crawl Stone Soup version 0.29.0-15-g675c0067aa (webtiles) character file.

Game seed: 10760629254593694419

12047 qw the Cleaver (level 11, -1/71 HPs)
             Began as a Gargoyle Fighter on Sept 11, 2022.
             Was an Elder of Okawaru.
             Slain by a troll (5 damage)
             ... on level 11 of the Dungeon.
             The game lasted 00:04:38 (12153 turns).

qw the Cleaver (Gargoyle Fighter)                  Turns: 12153, Time: 00:04:39

Health: -1/71      AC: 32    Str: 24    XL:     11   Next: 87%
Magic:  15/15      EV: 10    Int:  9    God:    Okawaru [****..]
Gold:   559        SH:  6    Dex: 12    Spells: 10/10 levels left

rFire   + . .      SeeInvis +   i - +4 war axe of the Hawk {vorpal, Dex+3 SInv}
rCold   + . .      Faith    .   c - +0 buckler
rNeg    + . .      Spirit   .   k - +0 plate armour
rPois   inf        Reflect  .   q - +1 helmet
rElec   +          Harm     .   j - +0 cloak
rCorr   .          Rampage  .   (no gloves)
Will    .....                   u - +0 pair of boots
Stlth   ..........              h - amulet of the acrobat
HPRegen 0.21/turn               p - ring of protection from cold
MPRegen 0.14/turn               (no ring)

@: about to teleport, heroic
A: sickness immunity, AC +8, negative energy resistance 1, electricity
resistance, torment resistance 1, petrification resistance, iridescent scales 1,
fire resistance 1
a: Renounce Religion, Heroism, Finesse


You were on level 11 of the Dungeon.
You worshipped Okawaru.
Okawaru was greatly pleased with you.
You visited 2 branches of the dungeon, and saw 12 of its levels.

You collected 559 gold pieces.


Innate Abilities, Weirdness & Mutations

You are immune to sickness and miasma.
Your stone body is resilient. (AC +8)
You are immune to poison.
You resist negative energy. (rN+)
You are resistant to electric shocks. (rElec)
You are resistant to unholy torment.
You are immune to petrification.
You are partially covered in iridescent scales. (AC +2)
Your flesh is heat resistant. (rF+)


   Skills:
 - Level 9.0(14.0) Fighting
 - Level 12.0(17.0) Axes
 + Level 2.8(7.8) Throwing
 - Level 8.8(13.8) Armour
 - Level 2.3(7.3) Dodging
 - Level 5.0(10.0) Shields
 + Level 6.3 Invocations


You had 10 spell levels left.
You didn't know any spells.
Your spell library was empty.

Inventory:

Hand Weapons
 i - the +4 war axe of the Hawk (weapon) {vorpal, Dex+3 SInv}
   (You found it on level 3 of the Dungeon)

   It inflicts extra damage upon your enemies.
   Dex:       It affects your dexterity (+3).
   SInv:      It lets you see invisible.
 t - a +0 morningstar
 A - a +0 broad axe
Missiles
 a - 5 boomerangs (quivered)
 B - 2 javelins
Armour
 c - a +0 buckler (worn)
 j - a +0 cloak (worn)
 k - a +0 plate armour (worn)
 q - a +1 helmet (worn)
 u - a +0 pair of boots (worn)
 z - a +0 plate armour of cold resistance
Jewellery
 h - an amulet of the acrobat (around neck)
 m - a ring of see invisible
 p - a ring of protection from cold (left hand)
 w - a ring of ice
 y - a ring of flight
Scrolls
 g - a scroll of identify
 v - a scroll of teleportation
 x - 2 scrolls of torment {unknown}
Potions
 b - 4 potions of mutation
 d - 4 potions of might
 e - 2 potions of heal wounds
 f - 2 potions of attraction
 l - a potion of haste
 n - a potion of cancellation
 o - 5 potions of curing
 r - a potion of lignification
 s - a potion of magic

Dungeon Overview and Level Annotations

Branches:
Dungeon (11/15)            Temple (1/1) D:7             Orc (0/2) D:11
   Lair: D:8-11

Altars:
Cheibriados
Dithmenos
Elyvilon
Makhleb
Okawaru
Qazlal
Sif Muna
Trog
Wu Jian
Yredelemnul
The Shining One

Shops:
D:8 [


Message History

The gnoll sergeant barely misses you. You block the troll's attack. x2
The troll claws you but does no damage.
The orc warrior hits you from afar with a +0 glaive!
The orc warrior barely misses you. x2
You barely miss the troll.
The troll is heavily wounded.
You closely miss the kobold brigand.
The gnoll sergeant hits you from afar with a +0 trident.
The troll barely misses you. You block the troll's attack.
The troll closely misses you. The orc warrior closely misses you.
The kobold brigand hits you but does no damage.
The orc warrior hits you but does no damage.
You block the orc warrior's attack.
You completely miss the troll.
The troll is heavily wounded.
You hit the kobold brigand but do no damage.
The gnoll sergeant hits you but does no damage.
The troll closely misses you. x2; The troll claws you but does no damage.
You block the orc warrior's attack. The kobold brigand barely misses you.
The orc warrior hits you from afar with a +0 trident.
The orc warrior hits you but does no damage.
You hit the troll.
The troll is heavily wounded.
You slash the kobold brigand! You closely miss the kobold brigand.
The kobold brigand is severely wounded.
You hit the troll.
The gnoll sergeant hits you but does no damage.
The troll bites you but does no damage. The troll claws you!
The troll barely misses you.
The orc warrior hits you but does no damage.
The kobold brigand hits you with a +0 short sword.
The orc warrior hits you from afar with a +0 trident!
You block the orc warrior's attack.
12153 ||| READING 2 scrolls of teleportation.
As you read the scroll of teleportation, it crumbles to dust.
You feel strangely unstable.
The gnoll sergeant hits you but does no damage.
The troll bites you. The troll claws you.
You die...

#^# #.## ###########
###..##
#....)....###.....#
...###@###.........##
#8KT)8#..........##
#oooog#...........##
#..go.#..........#..
#.....#.........).#.
#8...8#...........##
########.....)....#
#..........#
##........##


You could see a troll, 3 orc warriors, a kobold brigand, a gnoll sergeant, a
gnoll and 2 orcs.

Vanquished Creatures
  A hydra (D:11)
  Erica (D:11)
  A two-headed ogre (D:11)
  Pikel (D:4)
  A manticore (D:11)
  A gargoyle (D:10)
  A komodo dragon (D:10)
  A troll (D:10)
  Sigmund (D:3)
  20 yaks
  A steam dragon (D:8)
  3 water moccasins
  6 orc warriors
  An ice beast (D:8)
  A sky beast (D:6)
  An ogre (D:11)
  2 centaurs
  A phantom (D:6)
  6 bullfrogs
  7 kobold brigands
  3 gnoll sergeants
  2 necrophages (D:5)
  3 scorpions
  15 wights
  9 killer bees
  7 howler monkeys
  A lava snake (D:8)
  2 gnoll boudas
  7 hounds
  5 orc priests
  A jelly (D:6)
  3 iguanas
  Ijyb (D:4)
  Natasha (thrice) (D:3)
  12 orc wizards
  23 gnolls
  9 adders
  A shadow imp (D:7)
  A white imp (D:7)
  2 ufetubi
  5 dart slugs
  44 orcs
  7 ball pythons
  7 endoplasms
  2 giant cockroaches (D:2)
  8 goblins
  10 hobgoblins
  7 jackals
  3 quokkas
  6 bats
  4 frilled lizards
  21 kobolds
  7 rats
299 creatures vanquished.

Notes
Turn   | Place    | Note
-------+----------+-------------------------------------------
     0 | D:1      | qw the Gargoyle Fighter began the quest for the Orb.
     0 | D:1      | Reached XP level 1. HP: 14/14 MP: 1/1
     0 | D:1      | 0 ||| qw: Version: 0.1-a-119-g272c26d
     0 | D:1      | 0 ||| qw: Game counter: 10670
     0 | D:1      | 0 ||| qw: Always use a shield: true
     0 | D:1      | 0 ||| qw: God list: Okawaru
     0 | D:1      | 0 ||| qw: Allow faded altars: false
     0 | D:1      | 0 ||| qw: Do Orc after D:15 true
     0 | D:1      | 0 ||| qw: Do second Lair branch before Depths: true
     0 | D:1      | 0 ||| qw: Lair rune preference: random
     0 | D:1      | 0 ||| qw: Plans: Normal, Zot, God:TSO, Crypt, Tomb, Pan,
                  | Slime, Hells, Zig, Abyss, Orb
     0 | D:1      | 0 ||| PLANNING D:1-11
    92 | D:1      | Reached skill level 2 in Axes
    93 | D:1      | 93 ||| Stepping ~*~*~tactically~*~*~ (hiding).
   329 | D:1      | Reached XP level 2. HP: 19/19 MP: 2/2
   521 | D:1      | Found a faded altar of an unknown god.
   600 | D:1      | 600 ||| Stepping ~*~*~tactically~*~*~ (stealth).
   980 | D:1      | 980 ||| UPGRADING to +0 cloak.
   985 | D:1      | 985 ||| UPGRADING to +0 plate armour.
   995 | D:1      | 995 ||| DROPPING +0 scale mail.
   996 | D:1      | 996 ||| READING scroll labelled OHENWI GOTAKE.
   997 | D:1      | 997 ||| READING 2 scrolls labelled RIEBED ROQUR.
   998 | D:1      | 998 ||| READING scroll labelled JYATUITUMM.
  1142 | D:2      | 1142 ||| STAIRDANCE
  1148 | D:1      | Reached skill level 3 in Axes
  1148 | D:1      | Reached XP level 3. HP: 23/23 MP: 3/3
  1448 | D:2      | Reached XP level 4. HP: 28/28 MP: 4/4
  1616 | D:2      | 1616 ||| Stepping ~*~*~tactically~*~*~ (stealth).
  1678 | D:2      | Reached skill level 4 in Axes
  1926 | D:2      | 1926 ||| UPGRADING to amulet of the acrobat.
  1931 | D:2      | 1931 ||| READING scroll labelled DOTRAUMEEN.
  1932 | D:2      | 1932 ||| READING scroll labelled FOUTZAGETE.
  1933 | D:2      | 1933 ||| DRINKING 2 emerald potions.
  2022 | D:3      | Noticed Natasha
  2026 | D:3      | Killed Natasha
  2155 | D:3      | Noticed Sigmund
  2156 | D:3      | 2156 ||| FLEEEEING.
  2157 | D:3      | 2157 ||| FLEEEEING.
  2158 | D:3      | 2158 ||| FLEEEEING.
  2159 | D:3      | 2159 ||| FLEEEEING.
  2160 | D:3      | 2160 ||| FLEEEEING.
  2166 | D:3      | 2166 ||| FLEEEEING.
  2167 | D:3      | 2167 ||| FLEEEEING.
  2168 | D:3      | 2168 ||| FLEEEEING.
  2169 | D:3      | 2169 ||| FLEEEEING.
  2174 | D:3      | 2174 ||| STAIRDANCE
  2211 | D:2      | 2211 ||| READING scroll labelled GAIHOVV FOULESOIST.
  2212 | D:2      | 2212 ||| DRINKING 2 amethyst potions.
  2212 | D:2      | Gained mutation: Your flesh is heat resistant. (rF+)
                  | [potion of mutation]
  2212 | D:2      | Gained mutation: You are partially covered in iridescent
                  | scales. (AC +2) [potion of mutation]
  2234 | D:3      | 2234 ||| DRINKING potion of curing.
  2234 | D:3      | 2234 ||| (to cure confusion)
  2248 | D:3      | Killed Sigmund
  2249 | D:3      | Reached skill level 5 in Axes
  2249 | D:3      | Reached XP level 5. HP: 22/32 MP: 5/5
  2249 | D:3      | Reached XP level 6. HP: 26/37 MP: 6/6
  2428 | D:3      | Noticed Natasha
  2429 | D:3      | 2429 ||| Stepping ~*~*~tactically~*~*~ (stealth).
  2443 | D:3      | Killed Natasha
  2686 | D:3      | Identified the +4 war axe of the Hawk {vorpal, Dex+3 SInv}
  2688 | D:3      | 2688 ||| SWAPPING to +4 war axe of the Hawk {vorpal, Dex+3
                  | SInv}.
  2689 | D:3      | 2689 ||| DROPPING +0 war axe.
  2832 | D:3      | Noticed Natasha
  2833 | D:3      | 2833 ||| Stepping ~*~*~tactically~*~*~ (stealth).
  2836 | D:3      | Killed Natasha
  2873 | D:3      | Found a white marble altar of Elyvilon.
  2939 | D:3      | 2939 ||| DRINKING 4 coppery potions.
  2940 | D:3      | 2940 ||| READING 2 scrolls of identify.
  2940 | D:3      | 2940 ||| IDENTIFYING glowing white potion
  3059 | D:4      | Noticed Ijyb
  3063 | D:4      | Paralysed by Ijyb for 2 turns
  3073 | D:4      | Paralysed by Ijyb for 2 turns
  3078 | D:4      | Killed Ijyb
  3079 | D:4      | Reached skill level 6 in Axes
  3158 | D:4      | 3158 ||| Stepping ~*~*~tactically~*~*~ (stealth).
  3171 | D:4      | Reached skill level 1 in Dodging
  3171 | D:4      | Reached XP level 7. HP: 43/43 MP: 7/7
  3233 | D:4      | 3233 ||| DROPPING +0 whip.
  3339 | D:4      | 3339 ||| Stepping ~*~*~tactically~*~*~ (stealth).
  3344 | D:4      | Noticed Pikel
  3345 | D:4      | 3345 ||| Stepping ~*~*~tactically~*~*~ (stealth).
  3357 | D:4      | Killed Pikel
  3358 | D:4      | Reached skill level 7 in Axes
  3358 | D:4      | Reached XP level 8. HP: 22/48 MP: 8/8
  3506 | D:4      | 3506 ||| Stepping ~*~*~tactically~*~*~ (stealth).
  3624 | D:4      | 3624 ||| Stepping ~*~*~tactically~*~*~ (hiding).
  3638 | D:4      | 3638 ||| Stepping ~*~*~tactically~*~*~ (stealth).
  3653 | D:4      | 3653 ||| Stepping ~*~*~tactically~*~*~ (stealth).
  3654 | D:4      | 3654 ||| Stepping ~*~*~tactically~*~*~ (stealth).
  3678 | D:4      | Found a shimmering blue altar of Sif Muna.
  4009 | D:4      | 4009 ||| READING scroll labelled MIENACAUPS.
  4010 | D:4      | 4010 ||| DRINKING 2 fuming silvery potions.
  4035 | D:5      | Entered Level 5 of the Dungeon
  4105 | D:5      | 4105 ||| Stepping ~*~*~tactically~*~*~ (hiding).
  4106 | D:5      | 4106 ||| Stepping ~*~*~tactically~*~*~ (hiding).
  4131 | D:5      | Found a bloodstained altar of Trog.
  4145 | D:5      | 4145 ||| DROPPING +1 whip of freezing.
  4194 | D:5      | 4194 ||| UPGRADING to +0 helmet.
  4203 | D:5      | 4203 ||| READING scroll labelled QOUH REIKHEUTUPH.
  4204 | D:5      | 4204 ||| READING 2 scrolls of identify.
  4204 | D:5      | 4204 ||| IDENTIFYING blue potion
  4205 | D:5      | 4205 ||| Stepping randomly (stuck).
  4207 | D:5      | 4207 ||| Stepping randomly (stuck).
  4208 | D:5      | 4208 ||| Stepping randomly (stuck).
  4209 | D:5      | 4209 ||| Stepping randomly (stuck).
  4217 | D:5      | 4217 ||| Stepping randomly (stuck).
  4218 | D:5      | 4218 ||| Stepping randomly (stuck).
  4233 | D:5      | Reached skill level 1 in Throwing
  4586 | D:5      | Reached skill level 8 in Axes
  4590 | D:5      | 4590 ||| Stepping ~*~*~tactically~*~*~ (hiding).
  4870 | D:5      | 4870 ||| READING scroll labelled GOIBAI TOMYSO.
  4871 | D:5      | 4871 ||| READING scroll labelled MINKIOKEIPN.
  4872 | D:5      | 4872 ||| READING 2 scrolls of identify.
  4872 | D:5      | 4872 ||| IDENTIFYING smoky green potion
  4873 | D:5      | 4873 ||| DROPPING potion of degeneration.
  5114 | D:6      | 5114 ||| Stepping ~*~*~tactically~*~*~ (stealth).
  5117 | D:6      | 5117 ||| Stepping ~*~*~tactically~*~*~ (stealth).
  5136 | D:6      | 5136 ||| Stepping ~*~*~tactically~*~*~ (stealth).
  5137 | D:6      | 5137 ||| Stepping ~*~*~tactically~*~*~ (stealth).
  5186 | D:6      | 5186 ||| DROPPING +0 flail.
  5198 | D:6      | Reached skill level 6 in Fighting
  5217 | D:6      | 5217 ||| Stepping ~*~*~tactically~*~*~ (hiding).
  5218 | D:6      | 5218 ||| Stepping ~*~*~tactically~*~*~ (hiding).
  5219 | D:6      | 5219 ||| Stepping ~*~*~tactically~*~*~ (hiding).
  5226 | D:6      | Reached XP level 9. HP: 55/55 MP: 9/9
  5226 | D:6      | 5226 ||| Stepping ~*~*~tactically~*~*~ (stealth).
  5253 | D:6      | 5253 ||| Stepping ~*~*~tactically~*~*~ (stealth).
  5312 | D:6      | Reached skill level 9 in Axes
  5767 | D:6      | Reached skill level 6 in Armour
  6103 | D:6      | 6103 ||| UPGRADING to ring of protection from cold.
  6104 | D:6      | 6104 ||| READING 2 scrolls of identify.
  6104 | D:6      | 6104 ||| IDENTIFYING fizzy golden potion
  6105 | D:6      | 6105 ||| DROPPING potion of berserk rage.
  6106 | D:6      | 6106 ||| DROPPING potion of flight.
  6155 | D:7      | 6155 ||| Stepping ~*~*~tactically~*~*~ (stealth).
  6156 | D:7      | 6156 ||| Stepping ~*~*~tactically~*~*~ (stealth).
  6361 | D:7      | Found a glowing golden altar of the Shining One.
  6412 | D:7      | Found an iron altar of Okawaru.
  6426 | D:7      | 6426 ||| Stepping ~*~*~tactically~*~*~ (hiding).
  6427 | D:7      | 6427 ||| Stepping ~*~*~tactically~*~*~ (hiding).
  6468 | D:7      | HP: 14/57 [killer bee (2)]
  6469 | D:7      | 6469 ||| DRINKING 3 potions of heal wounds.
  6619 | D:7      | Found a staircase to the Ecumenical Temple.
  6620 | D:7      | 6620 ||| PLANNING TEMPLE
  6650 | D:7      | Became a worshipper of Warmaster Okawaru
  6688 | Temple   | Entered the Ecumenical Temple
  6689 | Temple   | 6689 ||| PLANNING D:1-11
  6749 | D:7      | 6749 ||| Stepping ~*~*~tactically~*~*~ (hiding).
  6884 | D:7      | 6884 ||| Stepping ~*~*~tactically~*~*~ (hiding).
  6886 | D:7      | 6886 ||| Stepping ~*~*~tactically~*~*~ (hiding).
  6899 | D:7      | Reached skill level 10 in Axes
  6903 | D:7      | HP: 5/57 [orc warrior/+0 glaive (12)]
  6904 | D:7      | 6904 ||| DRINKING 2 potions of heal wounds.
  7043 | D:7      | Identified the +1 leather armour "Tigo" {rPois Dex+2}
  7099 | D:7      | 7099 ||| READING scroll of enchant armour.
  7099 | D:7      | 7099 ||| ENCHANTING +0 helmet.
  7262 | D:7      | Reached XP level 10. HP: 63/63 MP: 10/10
  7264 | D:7      | 7264 ||| Stepping ~*~*~tactically~*~*~ (hiding).
  7265 | D:7      | 7265 ||| Stepping ~*~*~tactically~*~*~ (hiding).
  7269 | D:7      | 7269 ||| Stepping ~*~*~tactically~*~*~ (hiding).
  7450 | D:7      | 7450 ||| READING 2 scrolls of identify.
  7450 | D:7      | 7450 ||| IDENTIFYING fizzy black potion
  7522 | D:8      | Reached * piety under Okawaru
  7523 | D:8      | 7523 ||| INVOKING Heroism.
  7835 | D:8      | 7835 ||| Stepping ~*~*~tactically~*~*~ (stealth).
  7837 | D:8      | 7837 ||| Stepping ~*~*~tactically~*~*~ (stealth).
  7840 | D:8      | 7840 ||| Stepping ~*~*~tactically~*~*~ (stealth).
  7845 | D:8      | Reached skill level 1 in Invocations
  7866 | D:8      | 7866 ||| DROPPING +1 flail of protection.
  7881 | D:8      | 7881 ||| Stepping ~*~*~tactically~*~*~ (stealth).
  7882 | D:8      | 7882 ||| Stepping ~*~*~tactically~*~*~ (stealth).
  8081 | D:8      | Found Fuyraut's Superior Scales.
  8082 | D:8      | 8082 ||| Stepping ~*~*~tactically~*~*~ (hiding).
  8184 | D:8      | 8184 ||| INVOKING Heroism.
  8230 | D:8      | 8230 ||| SHOPLISTING +5 scale mail "Baoluakh" {Drain Will-
                  | SInv Stlth+} (464 gold, have 346).
  8483 | D:8      | Found a burning altar of Makhleb.
  8483 | D:8      | Found a stormy altar of Qazlal.
  8804 | D:8      | Found an ornate altar of the Wu Jian Council.
  8846 | D:8      | 8846 ||| READING scroll labelled YPEKIR OZEX.
  8925 | D:9      | 8925 ||| INVOKING Heroism.
  8943 | D:9      | Reached skill level 3 in Invocations
  8946 | D:9      | 8946 ||| INVOKING Heroism.
  9156 | D:9      | 9156 ||| Stepping ~*~*~tactically~*~*~ (stealth).
  9161 | D:9      | 9161 ||| Stepping ~*~*~tactically~*~*~ (stealth).
  9176 | D:9      | Reached ** piety under Okawaru
  9183 | D:9      | 9183 ||| INVOKING Heroism.
  9315 | D:9      | 9315 ||| Stepping ~*~*~tactically~*~*~ (stealth).
  9348 | D:9      | 9348 ||| Stepping ~*~*~tactically~*~*~ (stealth).
  9351 | D:9      | 9351 ||| Stepping ~*~*~tactically~*~*~ (stealth).
  9403 | D:9      | 9403 ||| Stepping ~*~*~tactically~*~*~ (hiding).
  9405 | D:9      | 9405 ||| Stepping ~*~*~tactically~*~*~ (hiding).
  9406 | D:9      | 9406 ||| Stepping ~*~*~tactically~*~*~ (hiding).
  9407 | D:9      | 9407 ||| Stepping ~*~*~tactically~*~*~ (hiding).
  9411 | D:9      | 9411 ||| DRINKING 6 potions of curing.
  9411 | D:9      | 9411 ||| (to cure confusion)
  9453 | D:9      | 9453 ||| FLEEEEING.
  9454 | D:9      | 9454 ||| FLEEEEING.
  9455 | D:9      | 9455 ||| FLEEEEING.
  9456 | D:9      | 9456 ||| FLEEEEING.
  9457 | D:9      | 9457 ||| FLEEEEING.
  9470 | D:9      | 9470 ||| Stepping ~*~*~tactically~*~*~ (stealth).
  9479 | D:9      | 9479 ||| INVOKING Heroism.
  9550 | D:9      | 9550 ||| Stepping ~*~*~tactically~*~*~ (hiding).
  9559 | D:9      | 9559 ||| Stepping ~*~*~tactically~*~*~ (hiding).
  9567 | D:9      | 9567 ||| Stepping ~*~*~tactically~*~*~ (hiding).
  9706 | D:9      | 9706 ||| INVOKING Heroism.
  9993 | D:9      | 9993 ||| UPGRADING to +0 pair of boots.
  9998 | D:9      | 9998 ||| READING 2 scrolls of identify.
  9998 | D:9      | 9998 ||| IDENTIFYING fizzy silvery potion
 10033 | D:10     | Entered Level 10 of the Dungeon
 10033 | D:10     | Found a basalt altar of Yredelemnul.
 10035 | D:10     | 10035 ||| INVOKING Heroism.
 10059 | D:10     | Reached skill level 11 in Axes
 10066 | D:10     | 10066 ||| INVOKING Heroism.
 10079 | D:10     | Reached XP level 11. HP: 46/68 MP: 12/14
 10113 | D:10     | 10113 ||| INVOKING Heroism.
 10128 | D:10     | 10128 ||| DRINKING 5 potions of curing.
 10128 | D:10     | 10128 ||| (to cure confusion)
 10390 | D:10     | 10390 ||| Stepping ~*~*~tactically~*~*~ (stealth).
 10393 | D:10     | 10393 ||| Stepping ~*~*~tactically~*~*~ (stealth).
 10398 | D:10     | Reached *** piety under Okawaru
 10431 | D:10     | 10431 ||| Stepping ~*~*~tactically~*~*~ (hiding).
 10441 | D:10     | Reached skill level 9 in Fighting
 10555 | D:10     | 10555 ||| Stepping ~*~*~tactically~*~*~ (stealth).
 10557 | D:10     | 10557 ||| Stepping ~*~*~tactically~*~*~ (stealth).
 10638 | D:10     | 10638 ||| Stepping ~*~*~tactically~*~*~ (stealth).
 10640 | D:10     | 10640 ||| STAIRDANCE
 10650 | D:9      | 10650 ||| READING scroll labelled BIEBBOF TA TEU.
 10655 | D:10     | 10655 ||| STAIRDANCE
 10720 | D:10     | 10720 ||| INVOKING Heroism.
 11209 | D:11     | 11209 ||| STAIRDANCE
 11220 | D:11     | 11220 ||| STAIRDANCE
 11222 | D:10     | 11222 ||| INVOKING Heroism.
 11345 | D:11     | 11345 ||| INVOKING Heroism.
 11411 | D:11     | 11411 ||| Stepping ~*~*~tactically~*~*~ (stealth).
 11413 | D:11     | 11413 ||| INVOKING Heroism.
 11431 | D:11     | Reached **** piety under Okawaru
 11436 | D:11     | Reached skill level 12 in Axes
 11506 | D:11     | Noticed an eight-headed hydra
 11507 | D:11     | 11507 ||| INVOKING Heroism.
 11510 | D:11     | 11510 ||| SWAPPING to +0 morningstar.
 11517 | D:11     | Killed an eight-headed hydra
 11518 | D:11     | 11518 ||| SWAPPING to +4 war axe of the Hawk {vorpal, Dex+3
                  | SInv}.
 11519 | D:11     | Noticed a manticore
 11520 | D:11     | 11520 ||| Stepping ~*~*~tactically~*~*~ (hiding).
 11529 | D:11     | Killed a manticore
 11822 | D:11     | Noticed Erica
 11823 | D:11     | 11823 ||| Stepping ~*~*~tactically~*~*~ (hiding).
 11825 | D:11     | 11825 ||| Stepping ~*~*~tactically~*~*~ (hiding).
 11828 | D:11     | 11828 ||| INVOKING Heroism.
 11835 | D:11     | Killed Erica
 12036 | D:11     | Noticed a two-headed ogre
 12037 | D:11     | 12037 ||| INVOKING Heroism.
 12046 | D:11     | Killed a two-headed ogre
 12047 | D:11     | Reached skill level 6 in Invocations
 12119 | D:11     | Found a staircase to the Orcish Mines.
 12120 | D:11     | 12120 ||| INVOKING Heroism.
 12152 | D:11     | HP: 15/71 [troll (7)]
 12152 | D:11     | HP: 5/71 [orc warrior/+0 trident (7)]
 12153 | D:11     | 12153 ||| READING 2 scrolls of teleportation.
 12153 | D:11     | Slain by a troll

Levels and vault maps discovered:
D:1:      sevenhm_arrival_forest_fort_small_5, layout_loops_ring,
          shapermc_ecumenical_altar_flowoftime, kennysheep_pointless_box
D:2:      layout_loops_ring
D:3:      layout_loops_ring, general_overflow_altar, uniq_natasha, uniq_sigmund
D:4:      layout_basic, minmay_ruined_shrine, uniq_pikel, uniq_ijyb
D:5:      layout_gridville, trog_three_pillars_becter, chequers_jeans,
          minmay_checkerbox
D:6:      kb_forest_paths, layout_basic, minivault_22, minmay_misc_feat_plants
D:7:      layout_gridville, lemuel_doored_altar, overflow_temple_1_default,
          minmay_temple_entry_poolview, dk_noncrumbling_3
D:8:      layout_loops_corners, mainiacjoe_overflow_alcove_4,
          nicolae_overflow_two_pavilions, hellmonk_scale_shop
D:9:      layout_loops_cross
D:10:     layout_basic, mainiacjoe_overflow_concentric_impassable
D:11:     layout_cave_pods, lair_entry_dummy,
          kennysheep_orc_monster_closet_entryway, portal_ice_cave_demonic_guard,
          uniq_erica
Temple:   nicolae_temple_great_sept

Skill      XL: |  1  2  3  4  5  6  7  8  9 10 11 |
---------------+----------------------------------+-----
Axes           | 2 3 5 6 7 8 10 11 12 | 12.0
Fighting       | 4 6 7 8 9 |  9.0
Dodging        | 1 2 |  2.3
Armour         | 4 5 6 8 |  8.8
Throwing       | 1 2 |  2.8
Shields        | 4 5 |  5.0
Invocations    | 4 6 |  6.3

Action                   |  1- 3 |  4- 6 |  7- 9 | 10-12 || total
-------------------------+-------+-------+-------+-------++-------
Melee: War axe           |    82 |   147 |   226 |   361 ||   816
       Morningstar       |       |       |       |     6 ||     6
Throw: Boomerang         |       |    29 |    70 |    47 ||   146
       Javelin           |       |       |       |     2 ||     2
Invok: Heroism           |       |       |       |    18 ||    18
  Use: Scroll            |     3 |     4 |     8 |     5 ||    20
       Potion            |       |     4 |     3 |     2 ||     9
Armor: Scale mail        |    25 |       |       |       ||    25
       Plate armour      |    28 |    96 |   145 |   213 ||   482
Dodge: Dodged            |    31 |    43 |    80 |   147 ||   301
Block: Buckler           |    13 |    17 |    60 |    98 ||   188

Table legend:
 A = Non-vault XP
 B = Vault XP
 C = Vault XP percentage of total XP
 D = Non-vault monster count
 E = Vault monster count
 F = Vault count percentage of total count
                 A         B        C        D         E       F
            +---------+---------+-------+---------+---------+-------
      Total |   13974 |    3236 |  18.8 |     264 |      35 |  11.7
            +---------+---------+-------+---------+---------+-------
        D:1 |      40 |       0 |   0.0 |      16 |       0 |   0.0
        D:2 |      74 |       0 |   0.0 |      24 |       0 |   0.0
        D:3 |     100 |     258 |  72.1 |      17 |       2 |  10.5
        D:4 |     299 |     693 |  69.9 |      18 |      10 |  35.7
        D:5 |     259 |     243 |  48.4 |      13 |       4 |  23.5
        D:6 |    1050 |     322 |  23.5 |      27 |       6 |  18.2
        D:7 |    1369 |       0 |   0.0 |      32 |       0 |   0.0
        D:8 |    1119 |     183 |  14.1 |      29 |       1 |   3.3
        D:9 |    2527 |       0 |   0.0 |      46 |       0 |   0.0
       D:10 |    3585 |       0 |   0.0 |      29 |       0 |   0.0
       D:11 |    3552 |    1537 |  30.2 |      13 |      12 |  48.0
            +---------+---------+-------+---------+---------+-------
